 Dungeon Sprint DCSS version 0.17-a0-1468-gbf503c2 (webtiles) character file.

2305 pulse the Carver (level 9, -4/79 HPs)
             Began as a Formicid Berserker on July 1, 2015.
             Was a High Priest of Trog.
             Slain by a komodo dragon (27 damage)
             ... in the Dungeon (Sprint IX: "|||||||||||||||||||||||||||||").
             The game lasted 00:02:46 (865 turns).

pulse the Carver (Formicid Berserker)                Turns: 865, Time: 00:02:46

Health: -4/79      AC: 15    Str: 25    XL:     9   Next: 68%
Magic:  13/13      EV: 13    Int:  7    God:    Trog [*****.]
Gold:   0          SH:  0    Dex: 10    Spells: 0 memorised, 8 levels left

rFire  . . .     SeeInvis +     a - +4 great sword (holy)
rCold  . . .     Clarity  .     c - +1 chain mail
rNeg   . . .     SustAt   .     (no shield)
rPois  .         Gourm    .     (helmet unavailable)
rElec  .         Spirit   .     p - +0 cloak
rCorr  .         Warding  .     o - +0 pair of gloves
rMut   .         Stasis   +     (no boots)
MR     .....                    (no amulet)
Stlth  ..........               n - +2 ring of evasion
                                m - +2 ring of protection

@: not resistant to hostile enchantments, extremely unstealthy
A: permanent stasis, dig shafts and tunnels, four strong arms, antennae 3
a: Dig, Burn Spellbooks, Trog's Hand, Brothers in Arms, Renounce Religion


You were in the Dungeon.
You worshipped Trog.
Trog was extremely pleased with you.
You were not hungry.

You visited 1 branch

Inventory:

Hand weapons
 a - a +4 great sword of holy wrath (weapon)
Armour
 c - a +1 chain mail (worn)
 o - a +0 pair of gloves (worn)
 p - a +0 cloak (worn)
Jewellery
 m - a +2 ring of protection (left hand)
 n - a +2 ring of evasion (right hand)
Magical devices
 l - a wand of draining (12)
Scrolls
 i - 2 scrolls of blinking
 k - 4 scrolls of remove curse
 q - a scroll of recharging
 r - 2 scrolls of enchant weapon
 s - a scroll of identify
Potions
 b - 3 potions of agility
 d - 4 potions of curing
 e - a potion of invisibility
 f - 2 potions of haste
 g - 4 potions of magic
 h - a potion of berserk rage
 j - 4 potions of heal wounds


   Skills:
 - Level 10.9 Fighting
 * Level 14.7 Long Blades
 - Level 5.4 Armour
 - Level 7.8 Dodging
 + Level 2.6 Stealth
 + Level 5.5 Evocations


You had 8 spell levels left.
You didn't know any spells.

Dungeon Overview and Level Annotations

Branches:
Dungeon (1/1)

Altars:
Cheibriados
Dithmenos
Elyvilon
Fedhas
Gozag
Kikubaaqudgha
Makhleb
Nemelex Xobeh
Okawaru
Qazlal
Ru
Sif Muna
Trog
Vehumet
Xom
Yredelemnul
Zin
The Shining One
Beogh
Jiyva
Lugonu


Innate Abilities, Weirdness & Mutations

You are under a permanent stasis effect.
You can dig through walls and to a lower floor.
Your four strong arms can wield two-handed weapons with a shield.
You have a pair of large antennae on your head (SInv).


Message History

A crocodile comes into view.
You closely miss the komodo dragon.
The komodo dragon is severely wounded.
You slice the komodo dragon!!
You kill the komodo dragon!
Trog accepts your kill.
You feel sick.
You slice the komodo dragon!!
The komodo dragon is heavily wounded.
The komodo dragon bites you!
You slash the komodo dragon!
The komodo dragon is almost dead.
You feel sick. The komodo dragon bites you!
* * * LOW HITPOINT WARNING * * *
You are too injured to fight recklessly!
You are too injured to fight recklessly!
You are too injured to fight recklessly!
Drink which item? (? for menu, Esc to quit)
You feel better. The komodo dragon bites you!!
You die... { {{ {{{{{{{{{{{{{ {{{{{{{{{ ▓▓▓▓▓▓▓▓▓▓▓▓▓▓▓▓▓▓▓▓▓▓▓▓ ...'.....)))....@llFhFt. {{ {{{{{

▓▓▓▓▓▓▓▓▓▓▓▓▓▓▓▓▓▓▓▓▓▓▓▓▓▓▓▓▓▓▓▓▓
.................................
▓▓▓▓▓▓▓▓▓▓▓▓▓▓▓▓▓▓▓▓▓▓▓▓▓▓▓▓▓▓▓▓▓
.).....')....'___________________
▓▓▓▓▓▓▓▓▓▓▓▓▓▓▓▓▓▓▓▓▓▓▓▓▓▓▓▓▓▓▓▓▓


You could see a komodo dragon, a crocodile, a wolf, 2 giant frogs and an iguana.

Vanquished Creatures
  2 hill giants (D)
  A komodo dragon (D)
  3 two-headed ogres (D)
  A slime creature (D)
  2 water moccasins (D)
  A hungry ghost (D)
  A hound (D)
  A jelly (D)
  2 adder skeletons (D)
  An adder zombie (D)
  An orc (D)
  A giant cockroach (D)
  2 goblins (D)
  3 hobgoblins (D)
  2 bats (D)
  A rat (D)
25 creatures vanquished.

Notes
Turn   | Place    | Note
--------------------------------------------------------------
     0 | D        | pulse the Formicid Berserker began the quest for the Orb.
     0 | D        | Reached XP level 1. HP: 18/18 MP: 1/1
    17 | D        | Acquired Trog's second power
    26 | D        | Reached skill level 4 in Fighting
   292 | D        | Noticed a jelly
   292 | D        | Noticed a hound
   294 | D        | Killed a jelly
   294 | D        | Reached skill level 5 in Fighting
   294 | D        | Reached skill level 5 in Long Blades
   294 | D        | Reached XP level 2. HP: 19/27 MP: 2/2
   294 | D        | Reached XP level 3. HP: 23/33 MP: 3/3
   308 | D        | Killed a hound
   308 | D        | Reached skill level 6 in Fighting
   308 | D        | Reached XP level 4. HP: 16/40 MP: 4/4
   324 | D        | Acquired Trog's third power
   330 | D        | Found a glowing silver altar of Zin.
   330 | D        | Found a glowing golden altar of the Shining One.
   330 | D        | Found an ancient bone altar of Kikubaaqudgha.
   330 | D        | Found a basalt altar of Yredelemnul.
   330 | D        | Found a shimmering altar of Xom.
   330 | D        | Found a radiant altar of Vehumet.
   331 | D        | Found an iron altar of Okawaru.
   332 | D        | Found a burning altar of Makhleb.
   333 | D        | Found a deep blue altar of Sif Muna.
   334 | D        | Found a bloodstained altar of Trog.
   335 | D        | Found a sparkling altar of Nemelex Xobeh.
   336 | D        | Found a white marble altar of Elyvilon.
   337 | D        | Found a roughly hewn altar of Beogh.
   338 | D        | Found a viscous altar of Jiyva.
   339 | D        | Found a corrupted altar of Lugonu.
   340 | D        | Found a blossoming altar of Fedhas.
   341 | D        | Found a snail-covered altar of Cheibriados.
   342 | D        | Found a shadowy altar of Dithmenos.
   343 | D        | Found a stormy altar of Qazlal.
   344 | D        | Found an opulent altar of Gozag.
   345 | D        | Found a sacrificial altar of Ru.
   369 | D        | Noticed a hungry ghost
   369 | D        | Noticed a hill giant
   369 | D        | Noticed a two-headed ogre
   375 | D        | Killed a hill giant
   375 | D        | Reached skill level 10 in Fighting
   375 | D        | Reached skill level 5 in Armour
   375 | D        | Reached skill level 1 in Stealth
   375 | D        | Reached XP level 5. HP: 16/53 MP: 4/6
   375 | D        | Reached XP level 6. HP: 18/60 MP: 4/7
   375 | D        | Reached XP level 7. HP: 19/66 MP: 4/8
   377 | D        | Killed a two-headed ogre
   377 | D        | Reached XP level 8. HP: 36/74 MP: 4/10
   396 | D        | Killed a hungry ghost
   396 | D        | Reached skill level 10 in Long Blades
   706 | D        | Noticed a hill giant
   706 | D        | Noticed a slime creature
   706 | D        | Noticed a two-headed ogre
   706 | D        | Noticed a two-headed ogre
   711 | D        | Killed a hill giant
   711 | D        | Reached skill level 11 in Long Blades
   714 | D        | Killed a slime creature
   714 | D        | Reached skill level 12 in Long Blades
   714 | D        | Reached XP level 9. HP: 67/79 MP: 10/12
   718 | D        | Killed a two-headed ogre
   718 | D        | Reached skill level 13 in Long Blades
   727 | D        | Killed a two-headed ogre
   727 | D        | Received a gift from Trog
   727 | D        | Reached skill level 5 in Evocations
   845 | D        | Noticed a water moccasin
   845 | D        | Noticed a water moccasin
   845 | D        | Noticed a komodo dragon
   845 | D        | Noticed an iguana
   845 | D        | Noticed a komodo dragon
   845 | D        | Noticed a giant frog
   848 | D        | Noticed a wolf
   850 | D        | Killed a water moccasin
   853 | D        | Noticed a giant frog
   855 | D        | Killed a water moccasin
   855 | D        | Reached skill level 14 in Long Blades
   861 | D        | Noticed a crocodile
   862 | D        | Killed a komodo dragon
   865 | D        | Slain by a komodo dragon

Vault maps used:
D:        linesprint

Action                   |  1- 3 |  4- 6 |  7- 9 || total
-------------------------+-------+-------+-------++-------
Melee: Falchion          |    37 |    15 |    21 ||    73
       Scimitar          |       |       |    19 ||    19
       Great sword       |       |       |    18 ||    18
Evoke: Wand              |       |     5 |     2 ||     7
  Use: Potion            |     1 |       |     3 ||     4
       Scroll            |       |       |     1 ||     1
  Eat: Bread ration      |       |       |     1 ||     1
